AoeStats
← Gireb2611

Fortress

510367310Analyzed
1v1 RM · 13h ago on Sep 30, 2026· 56m 4s· 2 players
Game mode
Random Map
Map size
Small (3 player)
Population
200
Speed
Normal
Resources
Standard
Victory
Conquest
Starting age
Dark Age
Ending age
Imperial Age
RankedLock teamsTeams togetherTeam positionsShared explorationLock speedFull tech treeHidden civsTurbo modeCheats
Victory
Defeat
🇮🇹 Khmer · Italy
629
+17
🇳🇱 Byzantines · Netherlands
643
-17
Gireb2611
0:32 Loom
7:22 Feudal Age
8:17 Double-Bit Axe
8:18 Horse Collar
11:51 Wheelbarrow
14:00 Stone Mining
14:01 Gold Mining
15:45 Gold Mining
18:19 Castle Age
17:27 Forging
17:22 Scale Barding Armor
18:15 Bloodlines
18:06 Fletching
18:56 Scale Mail Armor
21:01 Hand Cart
21:22 Pikeman
22:05 Heavy Plow
22:53 Town Watch
24:31 Husbandry
24:55 Bow Saw
26:22 Gold Shaft Mining
26:22 Stone Shaft Mining
29:18 Town Patrol
29:58 Fervor
37:25 Imperial Age
35:08 Light Cavalry
36:30 Fortified Wall
36:18 Murder Holes
37:29 Ballistics
37:34 Chain Barding Armor
37:50 Iron Casting
37:34 Halberdier
38:45 Conscription
38:56 Double Crossbow
38:48 Heavy Scorpion
38:50 Capped Ram
40:33 Chemistry
39:42 Siege Ram
45:32 Onager
48:28 Cavalier
52:41 Elite Battle Elephant
Agnessor
10:24 Feudal Age
9:27 Loom
12:05 Wheelbarrow
12:05 Double-Bit Axe
16:01 Castle Age
14:59 Horse Collar
19:34 Heavy Plow
19:54 Bow Saw
20:52 Sanctity
20:49 Hand Cart
21:02 Husbandry
21:12 Light Cavalry
22:34 Elite Skirmisher
25:40 Murder Holes
26:30 Ballistics
26:22 Fortified Wall
26:29 Squires
27:01 Pikeman
32:59 Imperial Age
30:39 Scale Barding Armor
31:26 Forging
31:07 Fletching
31:18 Scale Mail Armor
34:53 Fervor
34:47 Devotion
35:30 Hoardings
35:07 Logistica
36:14 Iron Casting
35:55 Halberdier
36:27 Capped Ram
37:08 Cavalier
39:14 Siege Ram
40:01 Bodkin Arrow
40:26 Chain Barding Armor
40:22 Chain Mail Armor
40:08 Padded Archer Armor
40:47 Illumination
43:36 Hussar
47:32 Chemistry
47:25 Elite Varangian Guard
51:51 Paladin
Connection lost

Rejoining the realm…

Still unreachable

The connection could not be restored.

Session expired

The server has moved on; the page needs a fresh start.